 Dungeon Crawl Stone Soup version 0.30-a0-743-gbfdf073431 (webtiles) character file.

Game seed: 16091532147686195491

93 Grognak the Covered (level 4, -1/40 HPs)
             Began as a Minotaur Fighter on Feb 7, 2023.
             Slain by a bullfrog (3 damage)
             ... on level 3 of the Dungeon.
             The game lasted 00:03:06 (1564 turns).

Grognak the Covered (Minotaur Fighter)              Turns: 1564, Time: 00:03:07

Health: -1/40      AC:  8    Str: 23    XL:     4   Next: 37%
Magic:  3/3        EV:  9    Int:  5    God:
Gold:   182        SH:  6    Dex:  9    Spells: 3/3 levels left

rFire   . . .      SeeInvis .    a - +2 flail
rCold   . . .      Faith    .    c - +2 buckler
rNeg    . . .      Spirit   .    b - +0 scale mail
rPois   .          Reflect  .    (helmet restricted)
rElec   .          Harm     .    (no cloak)
rCorr   .          Rampage  .    (no gloves)
Will    .....                    f - +0 pair of boots Stlth
                                 (no amulet)
HPRegen 0.26/turn                (no ring)
MPRegen 0.08/turn                (no ring)

@: lethally poisoned (-1 -> -12)
A: horns 2, retaliatory headbutt
a: no special abilities


You were on level 3 of the Dungeon.
You visited 1 branch of the dungeon, and saw 3 of its levels.

You collected 182 gold pieces.

Inventory:

Hand Weapons
 a - a +2 flail (weapon)
Armour
 b - a +0 scale mail (worn)
 c - a +2 buckler (worn)
 f - a +0 pair of boots (worn)
Jewellery
 j - an amulet of magic regeneration
 k - an amulet of reflection
Scrolls
 g - a scroll of noise
 h - a scroll of summoning
 i - 2 scrolls of vulnerability
 l - 2 scrolls of identify
 n - a scroll of amnesia
Potions
 d - a potion of might
 e - a potion of flight
 m - a potion of lignification {unknown}
 o - a potion of degeneration {unknown}
 p - a potion of heal wounds {unknown}
 q - a potion of curing {unknown}


   Skills:
 + Level 4.1 Fighting
 + Level 3.7 Maces & Flails
 + Level 4.7 Armour
 + Level 0.4 Dodging
 + Level 4.1 Shields


You had 3 spell levels left.
You didn't know any spells.
Your spell library contained the following spells:

 Spells                   Type           Power      Damage    Failure   Level
 Foxfire                  Conj/Fire      0%         2x1d4     86%         1
 Shock                    Conj/Air       0%         1d3       86%         1
 Inner Flame              Hex/Fire       0%         N/A       99%         3
 Swiftness                Air            0%         N/A       99%         3
 Airstrike                Air            0%         2d(0-16)  100%        4
 Flame Wave               Conj/Fire      0%         2d4       100%        4
 Sticky Flame             Conj/Fire      0%         2d3       100%        4
 Fireball                 Conj/Fire      0%         3d3       100%        5
 Starburst                Conj/Fire      0%         6d3       100%        6


Dungeon Overview and Level Annotations

Branches:
Dungeon (3/15)

Altars:

Annotations:
D:3 1 runed translucent door, purpskrrrp's ghost, amateur OpBr


Innate Abilities, Weirdness & Mutations

You have a pair of horns on your head.
You reflexively headbutt those who attack you in melee.


Message History

The rat barely misses you. You furiously retaliate!
You headbutt the rat.
You kill the rat!
The adder bites you but does no damage. The bullfrog closely misses you.
You furiously retaliate!
You headbutt the bullfrog! You miss the bullfrog.
Your headbutt misses the bullfrog.
The bullfrog is moderately wounded.
The bullfrog closely misses you. You furiously retaliate!
You headbutt the bullfrog! The adder bites you but does no damage.
Purpskrrrp's ghost hits you.
You are poisoned.
You block the bullfrog's attack. The adder bites you.
Your unstable footing causes you to fumble your attack.
You feel very sick.
The bullfrog hits you but does no damage.
Purpskrrrp's ghost hits you.
You are more poisoned.
The adder barely misses you. You furiously retaliate!
You headbutt the adder.
Your unstable footing causes you to fumble your attack.
You feel very sick. The bullfrog closely misses you.
You block the adder's attack. Purpskrrrp's ghost closely misses you.
You furiously retaliate!
You headbutt purpskrrrp's ghost! The bullfrog hits you.
The adder bites you but does no damage.
Purpskrrrp's ghost hits you but does no damage.
You are more poisoned.
The bullfrog attacks as you move away! The bullfrog hits you.
Purpskrrrp's ghost attacks as you move away!
Purpskrrrp's ghost hits you but does no damage.
You are lethally poisoned!
* * * LOW HITPOINT WARNING * * *
You feel extremely sick.
The bullfrog hits you but does no damage.
The adder bites you.
* * * LOW HITPOINT WARNING * * *
You block the bullfrog's attack.
* * * LOW HITPOINT WARNING * * *
You feel very sick. You block the bullfrog's attack.
The adder closely misses you. The bullfrog hits you.
You die...

.......##..####~~~#
..............#~~~#
..........#.###~~~#
.......#...#.##~$~#
.†........###.#~~~#
..........<..##~~~#
.......#......#~r~#
.....(##......#WFS#
...##.###.....##@##
#..##.##.....##...#
##................#
..##.##.########.#
..##.##. .# .# #.
.# .# .# .#


You could see a bullfrog, purpskrrrp's ghost, an adder and a river rat.

Vanquished Creatures
  3 adders
  2 worms (D:2)
  5 dart slugs
  6 ball pythons
  3 bats
  4 endoplasms
  3 goblins
  5 hobgoblins
  2 jackals (D:2)
  2 quokkas
  2 frilled lizards (D:2)
  7 kobolds
  6 rats
50 creatures vanquished.

Vanquished Creatures (collateral kills)
  A ball python (D:1)
  A kobold (D:1)
2 creatures vanquished.

Grand Total: 52 creatures vanquished

Notes
Turn   | Place    | Note
-------+----------+-------------------------------------------
     0 | D:1      | Grognak the Minotaur Fighter began the quest for the Orb.
     0 | D:1      | Reached XP level 1. HP: 19/19 MP: 0/0
   154 | D:1      | Reached XP level 2. HP: 27/27 MP: 1/1
   593 | D:1      | Reached XP level 3. HP: 33/33 MP: 2/2
  1049 | D:2      | Reached XP level 4. HP: 40/40 MP: 3/3
  1523 | D:3      | Found a runed translucent door.
  1524 | D:3      | Noticed a bullfrog
  1525 | D:3      | Noticed purpskrrrp's ghost (amateur OpBr)
  1548 | D:3      | Found a runed translucent door.
  1564 | D:3      | HP: 2/40 [poisoned by purpskrrrp's ghost]
  1564 | D:3      | Slain by a bullfrog

Illustrated notes

Levels and vault maps discovered:
D:1:      eino_arrival_cavern_d, layout_loops_cross
D:2:      layout_basic
D:3:      layout_loops_ring, ebering_ghost_sewer_f,
          nicolae_ecumenical_snake_handling

Skill      XL: |  1  2  3 |
---------------+----------+-----
Armour         | 4 |  4.7
Maces & Flails | 3 |  3.7
Fighting       | 4 |  4.1
Shields        | 4 |  4.1
Dodging        | |  0.4

Action                     |  1- 3 |  4- 6 || total
---------------------------+-------+-------++-------
  Melee: Flail             |    73 |    31 ||   104
         Headbutt          |     9 |     3 ||    12
    Use: Scroll            |     8 |     5 ||    13
 Armour: Scale mail        |    38 |    23 ||    61
  Dodge: Dodged            |    39 |    31 ||    70
  Block: Buckler           |    18 |    15 ||    33

Table legend: (Time is in decaauts)
 A = Elapsed time spent in this place.
 B = Non-inter-level travel time spent in this place.
 C = Inter-level travel time spent in this place.
 D = Time resting spent in this place.
 E = Time spent auto-exploring this place.
 F = Levels seen in this place.
 G = Mean time per level.
                   A        B        C        D        E       F      G
               +--------+--------+--------+--------+--------+-----+--------+
         Total |   1594 |   1539 |     55 |    100 |   1075 |   3 |  531.3 |
       Dungeon |   1594 |   1539 |     55 |    100 |   1075 |   3 |  531.3 |
               +--------+--------+--------+--------+--------+-----+--------+

Top non-repeatable levels by time:
     D:1: 787 daAuts
     D:2: 639 daAuts
     D:3: 167 daAuts
